 Seeded DCSS version 0.30-a0-585-g93115170b9 (webtiles) character file.

Game seed: 72702455509857172 (custom seed)

598 purpskrrrp the Ducker (level 7, -1/56 HPs)
             Began as a Merfolk Monk on Jan 1, 2023.
             Slain by an ice beast (12 damage)
             ... on level 5 of the Dungeon.
             The game lasted 00:08:58 (3555 turns).

purpskrrrp the Ducker (Merfolk Monk)                Turns: 3555, Time: 00:08:58

Health: -1/56      AC:  5    Str: 11    XL:     7   Next: 40%
Magic:  16/16      EV: 17    Int:  9    God:
Gold:   248        SH:  0    Dex: 19    Spells: 6/6 levels left

rFire   . . .      SeeInvis +    a - +1 falchion
rCold   . . .      Faith    .    (no shield)
rNeg    . . .      Spirit   .    b - +0 robe
rPois   .          Reflect  .    (no helmet)
rElec   .          Harm     .    d - +0 cloak
rCorr   .          Rampage  .    e - +1 pair of gloves
Will    .....                    (no boots)
Stlth   +++                      (no amulet)
HPRegen 1.09/turn                t - ring of see invisible
MPRegen 0.15/turn                u - ring of magical power

@: no status effects
A: (nimble swimmer 2), mertail, regeneration 1
a: no special abilities


You were on level 5 of the Dungeon.
You visited 1 branch of the dungeon, and saw 5 of its levels.

You collected 248 gold pieces.

Inventory:

Hand Weapons
 a - a +1 falchion (weapon)
 j - a +3 quarterstaff of chaos
Missiles
 v - 4 poisoned darts
 w - 4 atropa-tipped darts
Armour
 b - a +0 robe (worn)
 d - a +0 cloak (worn)
 e - a +1 pair of gloves (worn)
 r - a +1 helmet
Jewellery
 g - a ring of protection from fire
 t - a ring of see invisible (left hand)
 u - a ring of magical power (right hand)
Wands
 m - a wand of flame (13)
Scrolls
 n - a scroll of poison {unknown}
 o - a scroll of magic mapping
Potions
 c - a potion of lignification {unknown}
 i - 4 potions of flight
 k - 2 potions of might {unknown}
 l - 3 potions of brilliance
 p - a potion of resistance {unknown}
 q - a potion of attraction
 s - 2 potions of degeneration


   Skills:
 + Level 5.0 Fighting
 + Level 5.5 Long Blades
 * Level 7.5 Dodging
 + Level 4.6 Stealth


You had 6 spell levels left.
You didn't know any spells.
Your spell library contained the following spells:

 Spells                   Type           Power      Damage    Failure   Level
 Freeze                   Ice            0%         1d3       38%         1
 Frozen Ramparts          Ice            0%         1d1       77%         3
 Hailstorm                Conj/Ice       0%         3d3       77%         3
 Ignite Poison            Fire/Tmut/Pois 0%         N/A       77%         3
 Sticky Flame             Conj/Fire      0%         2d3       99%         4
 Summon Lightning Spire   Summ/Air       0%         N/A       99%         4
 Storm Form               Tmut/Air       0%         N/A       100%        7
 Ignition                 Fire           0%         3d3       100%        8
 Maxwell's Capacitive Co  Air            0%         ∞         100%        8


Dungeon Overview and Level Annotations

Branches:
Dungeon (5/15)
 Temple: D:4-7

Altars:
Cheibriados

Shops:
D:2 =


Innate Abilities, Weirdness & Mutations

((You are very nimble when in or above water. (Stealth+, EV+, Speed+++)))
Your lower body shifts to a powerful aquatic tail in water.
Your natural rate of healing is unusually fast.


Message History

The orc wizard is heavily wounded.
The orc wizard closely misses you. The ice beast misses you.
You barely miss the orc wizard.
The orc wizard is heavily wounded.
The orc wizard hits you with a +0 dagger.
The ice beast hits you. The ice beast freezes you!
* * * LOW HITPOINT WARNING * * *
You hit the orc wizard but do no damage.
The orc wizard is heavily wounded.
The orc wizard hits you with a +0 dagger.
* * * LOW HITPOINT WARNING * * *
The ice beast completely misses you. The ice beast barely misses you.
The orc wizard gestures at you while chanting.
The magic dart hits you!
* * * LOW HITPOINT WARNING * * *
You slash the orc wizard!
You kill the orc wizard!
The ice beast hits you but does no damage.
Your Fighting skill increases to level 5!
You feel better.
The orc wizard points at you and mumbles some strange words.
The magic dart hits you.
* * * LOW HITPOINT WARNING * * *
The ice beast misses you.
You hit the orc wizard.
The orc wizard is moderately wounded.
The ice beast misses you.
The orc wizard hits you but does no damage.
You slash the orc wizard!
The orc wizard is severely wounded.
The orc wizard hits you but does no damage.
The ice beast hits you but does no damage.
You slash the orc wizard!
You kill the orc wizard!
The ice beast hits you. The ice beast freezes you.
* * * LOW HITPOINT WARNING * * *
You hit the ice beast but do no damage. The ice beast hits you.
* * * LOW HITPOINT WARNING * * *
The ice beast freezes you!
You die...

#............#
...##...
#............#
.. #+##
#..##...##...#
. #... #.
#...###+##
#... #..##...#
.... #...^...+
.... #..##...#
#.. #+
#...########
####
+..Y@).....'
....
##'###.....#
.... ... ....#
.... #####
...##w ....
~~~S#P ..# .o
#... ~~P~#. .#
oo #### ♣~P~+(
. .##... .....
.....


You could see an ice beast.

Vanquished Creatures
  A centaur (D:5)
  2 vampire bats (D:4)
  A howler monkey (D:4)
  2 orc priests (D:5)
  Crazy Yiuf (D:2)
  A hound (D:5)
  A jelly (D:5)
  Ijyb (D:4)
  An iguana (D:4)
  2 orc wizards (D:5)
  3 gnolls (D:3)
  4 adders
  An ufetubus (D:4)
  A worm (D:4)
  A dart slug (D:2)
  2 orcs
  8 ball pythons
  9 bats
  6 endoplasms
  4 giant cockroaches
  7 goblins
  9 hobgoblins
  7 jackals
  3 kobolds
  2 quokkas (D:3)
  A frilled lizard (D:1)
  6 rats
87 creatures vanquished.

Vanquished Creatures (others)
  An orc (D:5)
  3 fungi (D:2)
4 creatures vanquished.

Grand Total: 91 creatures vanquished

Notes
Turn   | Place    | Note
-------+----------+-------------------------------------------
     0 | D:1      | purpskrrrp the Merfolk Monk began the quest for the Orb.
     0 | D:1      | Reached XP level 1. HP: 18/18 MP: 1/1
   132 | D:1      | Reached XP level 2. HP: 24/24 MP: 2/2
   344 | D:1      | Reached XP level 3. HP: 29/29 MP: 3/3
   731 | D:2      | Found Hoageitz's Jewellery Emporium.
   826 | D:2      | Found a snail-covered altar of Cheibriados.
   904 | D:2      | Reached XP level 4. HP: 34/37 MP: 4/4
  1159 | D:2      | Found a runed translucent door.
  1160 | D:2      | Noticed Crazy Yiuf
  1172 | D:2      | Killed Crazy Yiuf
  1173 | D:2      | Reached skill level 5 in Dodging
  1477 | D:3      | Reached XP level 5. HP: 20/42 MP: 5/5
  2111 | D:3      | Gained mutation: Your natural rate of healing is unusually
                  | fast. [potion of mutation]
  2541 | D:4      | Noticed Ijyb
  2543 | D:4      | Paralysed by Ijyb for 2 turns
  2548 | D:4      | Paralysed by Ijyb for 2 turns
  2557 | D:4      | Paralysed by Ijyb for 5 turns
  2596 | D:4      | Killed Ijyb
  2771 | D:4      | Reached skill level 6 in Dodging
  2771 | D:4      | Reached XP level 6. HP: 47/48 MP: 6/6
  2847 | D:4      | Reached skill level 5 in Long Blades
  3103 | D:5      | Entered Level 5 of the Dungeon
  3505 | D:5      | Reached skill level 7 in Dodging
  3505 | D:5      | Reached XP level 7. HP: 51/55 MP: 7/7
  3551 | D:5      | Reached skill level 5 in Fighting
  3555 | D:5      | Slain by an ice beast

Illustrated notes

Levels and vault maps discovered:
D:1:      dpeg_arrival_rooms_with_view, layout_rooms, minmay_worlds_worst_comb
D:2:      layout_rooms, basic_altar, serial_shops, nicolae_shop_window_shopping,
          minmay_tetromino_i2, uniq_crazy_yiuf_cottage
D:3:      layout_basic, small_statue_intersection
D:4:      wad_lake_hut, layout_basic, st_stairs_7, roderic_batcave, uniq_ijyb
D:5:      gammafunk_steamed_eel, layout_gridville

Skill      XL: |  1  2  3  4  5  6  7 |
---------------+----------------------+-----
Long Blades    | 4 5 |  5.5
Stealth        | 3 4 |  4.6
Dodging        | 5 6 7 |  7.5
Fighting       | 4 5 |  5.0

Action                   |  1- 3 |  4- 6 |  7- 9 || total
-------------------------+-------+-------+-------++-------
Melee: Falchion          |    96 |   227 |    26 ||   349
       Punch             |       |     3 |       ||     3
       Tailslap          |       |     1 |       ||     1
Throw: Dart              |       |    11 |       ||    11
  Use: Scroll            |     4 |    11 |       ||    15
       Potion            |       |     9 |     2 ||    11
 Stab: Sleeping          |     7 |     8 |       ||    15
       Invisible         |       |    13 |       ||    13
       Distracted        |       |     1 |       ||     1
Armor: Robe              |    22 |    48 |    11 ||    81
Dodge: Dodged            |   102 |   227 |    17 ||   346

Table legend: (Time is in decaauts)
 A = Elapsed time spent in this place.
 B = Non-inter-level travel time spent in this place.
 C = Inter-level travel time spent in this place.
 D = Time resting spent in this place.
 E = Time spent auto-exploring this place.
 F = Levels seen in this place.
 G = Mean time per level.
                   A        B        C        D        E       F      G
               +--------+--------+--------+--------+--------+-----+--------+
         Total |   3535 |   3382 |    153 |    181 |   2248 |   5 |  707.0 |
       Dungeon |   3535 |   3382 |    153 |    181 |   2248 |   5 |  707.0 |
               +--------+--------+--------+--------+--------+-----+--------+

Top non-repeatable levels by time:
     D:4: 1087 daAuts
     D:3: 785 daAuts
     D:2: 760 daAuts
     D:1: 585 daAuts
     D:5: 315 daAuts
